 Dungeon Crawl Stone Soup version 0.24.0-124-g2791043dd8 (webtiles) character file.

Game seed: 17931092452110155522, levelgen mode: deterministic

87 nightchill the Cutter (level 4, -7/43 HPs)
             Began as a Kobold Berserker on Feb 14, 2020.
             Was a Believer of Trog.
             Mangled by a gnoll
             ... wielding a +0 halberd
              (13 damage)
             ... on level 2 of the Dungeon.
             The game lasted 00:07:15 (2186 turns).

nightchill the Cutter (Kobold Berserker)            Turns: 2186, Time: 00:07:16

Health: -7/43      AC:  2    Str: 20    XL:     4   Next: 80%
Magic:  4/4        EV: 15    Int:  8    God:    Trog [**....]
Gold:   23         SH:  0    Dex: 14    Spells: 3/3 levels left

rFire    . . .     SeeInvis .   a - +0 short sword
rCold    . . .     Gourm    .   (shield restricted)
rNeg     . . .     Faith    .   b - +0 animal skin
rPois    .         Spirit   .   (no helmet)
rElec    .         Reflect  .   (no cloak)
rCorr    .         Harm     .   (no gloves)
MR       .....                  (no boots)
Stlth    ..........             (no amulet)
HPRegen  0.14/turn              (no ring)
MPRegen  0.09/turn              (no ring)

@: berserking, lethally poisoned (-7 -> -9), very quick
A: small, carnivore
a: Berserk, Trog's Hand, Renounce Religion


You were on level 2 of the Dungeon.
You worshipped Trog.
Trog was pleased with you.
You were very full.

You visited 1 branch of the dungeon, and saw 2 of its levels.

You collected 23 gold pieces.

Inventory:

Hand Weapons
 a - a +0 short sword (weapon)
 d - a +0 dagger
Missiles
 k - 2 stones (quivered)
Armour
 b - a +0 animal skin (worn)
Jewellery
 j - an uncursed ring of poison resistance {unknown}
Scrolls
 e - a scroll of fear {unknown}
 l - 2 scrolls of amnesia {unknown}
Potions
 f - a potion of invisibility {unknown}
 g - a potion of heal wounds {unknown}
 h - 3 potions of ambrosia {unknown}
 m - a potion of flight {unknown}
Comestibles
 c - 6 rations
 i - 2 chunks of flesh


   Skills:
 + Level 4.0 Fighting
 * Level 5.6 Short Blades
 - Level 1.5 Armour
 - Level 2.4 Dodging
 + Level 2.6 Stealth


You had 3 spell levels left.
You didn't know any spells.
Your spell library was empty.

Dungeon Overview and Level Annotations

Branches:
Dungeon (2/15)

Altars:

Annotations:
D:1 exclusion: downstairs


Innate Abilities, Weirdness & Mutations

You are small and have problems with some larger weapons.
You are carnivorous and can eat meat at any time.


Message History

The gnoll barely misses you.
The gnoll throws a poisoned dart.
The poisoned dart hits you!
You are poisoned.
The gnoll misses you.
You see here a poisoned dart.
You feel sick. The gnoll hits you.
You feel sick.
Your skin stops crawling.
You feel less resistant to hostile enchantments.
The gnoll hits you.
You feel sick.
A red film seems to cover your vision as you go berserk!
You feel yourself moving faster!
You feel mighty!
You feel a lot less full. The gnoll misses you. The gnoll closely misses you.
The gnoll hits you from afar with a +0 halberd!!
* * * LOW HITPOINT WARNING * * *
You closely miss the gnoll. The gnoll barely misses you.
You completely miss the gnoll.
You feel sick.
The gnoll hits you from afar with a +0 halberd!
You die...

#.......# ##)#
#.......# #..#
#.......# #.##
........## ###.####
.###.....#
##......##
#.###.####........##
#.. #..............#
#.# #####..........#
#. #....@.....#
#....g)....#
######...gg.....#
......#.÷÷.....##
...........(....#
................#
.......>........#
................#
..........÷.....#


You could see 3 gnolls.

Vanquished Creatures
  A gnoll (D:1)
  3 adders (D:2)
  An ooze (D:1)
  A worm (D:2)
  A dart slug (D:1)
  2 leopard geckos
  4 bats (D:1)
  5 goblins
  3 hobgoblins
  4 jackals (D:1)
  6 kobolds
  4 frilled lizards
  8 rats
43 creatures vanquished.

Notes
Turn   | Place    | Note
-------+----------+-------------------------------------------
     0 | D:1      | nightchill the Kobold Berserker began the quest for the
                  | Orb.
     0 | D:1      | Reached XP level 1. HP: 14/14 MP: 1/1
    21 | D:1      | Reached XP level 2. HP: 18/19 MP: 2/2
    32 | D:1      | Reached skill level 1 in Stealth
   407 | D:1      | Reached XP level 3. HP: 17/23 MP: 3/3
   836 | D:1      | Reached skill level 5 in Short Blades
  1517 | D:2      | Reached XP level 4. HP: 20/29 MP: 4/4
  1652 | D:2      | Reached ** piety under Trog
  2186 | D:2      | Mangled by a gnoll

Levels and vault maps discovered:
D:1:      tarquinn_simple_flora_water_f, layout_basic, lemuel_another_geyser
D:2:      layout_rooms, first_ration, wad_floor_pattern_2

Skill      XL: |  1  2  3  4 |
---------------+-------------+-----
Stealth        | 1 2 |  2.6
Short Blades   | 5 |  5.6
Fighting       | 4 |  4.0
Armour         | |  1.5
Dodging        | |  2.4

Action                   |  1- 3 |  4- 6 || total
-------------------------+-------+-------++-------
Melee: Short sword       |    94 |    44 ||   138
Invok: Berserk           |     1 |     1 ||     2
       Trog's Hand       |       |     1 ||     1
 Stab: Sleeping          |     2 |       ||     2
  Eat: Chunk             |    10 |     3 ||    13
Armor: Animal skin       |     8 |     2 ||    10
Dodge: Dodged            |    55 |    31 ||    86
